 Dungeon Crawl Stone Soup version 0.25-a0-544-gee0576305d (webtiles) character file.

Game seed: 13304154731882819847, levelgen mode: deterministic

170 Gargoyl the Skirmisher (level 5, -12/47 HPs)
             Began as a Centaur Abyssal Knight on Feb 20, 2020.
             Was a Follower of Lugonu.
             Mangled by a large abomination (32 damage)
             ... on level 4 of the Abyss.
             The game lasted 00:01:02 (197 turns).

Gargoyl the Skirmisher (Centaur Abyssal Knight)      Turns: 197, Time: 00:01:03

Health: -12/47     AC:  6    Str: 14      XL:     5   Next: 26%
Magic:  6/6        EV:  9    Int:  8 (11) God:    Lugonu [*.....]
Gold:   30         SH:  0    Dex: 10      Spells: 4/4 levels left

rFire    . . .     SeeInvis .   a - +2 hand axe
rCold    . . .     Gourm    .   (no shield)
rNeg     . . .     Faith    .   b - +0 leather armour
rPois    .         Spirit   .   (no helmet)
rElec    .         Reflect  .   f - +1 cloak
rCorr    +         Harm     .   (no gloves)
MR       .....                  (no barding)
Stlth    ..........             (no amulet)
HPRegen  0.00/turn              e - ring of resist corrosion
MPRegen  0.10/turn              (no ring)

@: non-regenerating, mildly diseased, very quick
A: large, hooves 3, deformed body, speed 2, tough skin 3
a: Depart the Abyss, Renounce Religion


You were on level 4 of the Abyss.
You worshipped Lugonu.
Lugonu was aware of your devotion.
You were not hungry.

You visited 0 branches of the dungeon, and saw 0 of its levels.
You visited the Abyss 1 time.

You collected 30 gold pieces.

Inventory:

Hand Weapons
 a - a +2 hand axe (weapon)
Armour
 b - a +0 leather armour (worn)
 f - a +1 cloak (worn)
Jewellery
 e - a ring of resist corrosion (left hand)
Comestibles
 c - a ration


   Skills:
 + Level 4.9 Fighting
 + Level 2.4 Axes
 + Level 2.0 Armour
 + Level 0.8 Dodging
 + Level 2.6 Invocations
   Level 0.1 Evocations


You had 4 spell levels left.
You didn't know any spells.
Your spell library contained the following spells:

 Spells                   Type           Power        Failure   Level  Hunger
 Infusion                 Chrm           #...         47%         1    ##.....
 Shroud of Golubria       Chrm/Tloc      #.....       63%         2    ###....
 Song of Slaying          Chrm           #.......     63%         2    ###....
 Ozocubu's Armour         Chrm/Ice       #.......     85%         3    ####...
 Spectral Weapon          Hex/Chrm       #.......     85%         3    ####...


Dungeon Overview and Level Annotations

Branches:
Dungeon (0/15)

Altars:


Innate Abilities, Weirdness & Mutations

You have hooves in place of feet.
Armour fits poorly on your strangely shaped body.
You cover ground very quickly.
You have extremely tough skin. (AC +3)


Message History

The large abomination is severely damaged.
The large abomination closely misses you.
A neqoxec comes into view.
The neqoxec gestures at you.
Something tries to feed on your intellect!
You hit the large abomination.
The large abomination is almost destroyed.
The neqoxec gestures at you.
Something tries to feed on your intellect!
The large abomination hits you!!
Ouch! That really hurt!
A purple very ugly thing comes into view.
The purple very ugly thing gurgles horribly!
You hit the large abomination.
You kick the large abomination, but do no damage.
The large abomination is almost destroyed.
You hear a horrible gurgling sound!
The large abomination hits you!!
Ouch! That really hurt!
You die...

... . 3... .
†u.##.#
##.#. ...
.##3.
.#...##
.#.3X##
#....#.#@#
.#....##.###
.# ##.. # #.
####.
#.#..#.
#.### #..##
. #..
.#.##..# ###
##. .# ##
...## # ##
#..#. .## .
#


You could see a purple very ugly thing, a large abomination and 2 neqoxecs.

Vanquished Creatures
  A small abomination (Abyss:4)
1 creature vanquished.

Notes
Turn   | Place    | Note
-------+----------+-------------------------------------------
     0 | Abyss:1  | Gargoyl the Centaur Abyssal Knight began the quest for the
                  | Orb.
     0 | Abyss:1  | Reached XP level 1. HP: 19/19 MP: 2/2
     3 | Abyss:1  | Found a shimmering altar of Xom.
     4 | Abyss:1  | Found a shimmering altar of Xom.
    10 | Abyss:1  | Found a shimmering altar of Xom.
    10 | Abyss:1  | Found a shimmering altar of Xom.
    10 | Abyss:1  | Found a shimmering altar of Xom.
    10 | Abyss:1  | Found a shimmering altar of Xom.
    11 | Abyss:1  | Found a shimmering altar of Xom.
    11 | Abyss:1  | Found a shimmering altar of Xom.
    13 | Abyss:1  | Found a corrupted altar of Lugonu.
    13 | Abyss:1  | Found a corrupted altar of Lugonu.
    14 | Abyss:1  | Found a shimmering altar of Xom.
    23 | Abyss:1  | Found a shimmering altar of Xom.
    64 | Abyss:2  | Noticed a small abomination
    71 | Abyss:3  | Noticed an ancient zyme
   160 | Abyss:4  | Noticed a small abomination
   171 | Abyss:4  | Killed a small abomination
   171 | Abyss:4  | Reached skill level 4 in Fighting
   171 | Abyss:4  | Reached XP level 2. HP: 28/28 MP: 3/3
   171 | Abyss:4  | Reached XP level 3. HP: 35/35 MP: 4/4
   171 | Abyss:4  | Reached XP level 4. HP: 41/41 MP: 5/5
   171 | Abyss:4  | Reached XP level 5. HP: 47/47 MP: 6/6
   186 | Abyss:4  | Noticed a large abomination
   189 | Abyss:4  | Noticed a neqoxec
   192 | Abyss:4  | Noticed a neqoxec
   194 | Abyss:4  | Noticed a neqoxec
   196 | Abyss:4  | Noticed a purple very ugly thing
   197 | Abyss:4  | Mangled by a large abomination

Levels and vault maps discovered:
Abyss:4:  evilmike_abyss_exit_3, doesnt_abyss_rune_brain_food

Skill      XL: |  1 |
---------------+----+-----
Fighting       | 4 |  4.9
Axes           | 2 |  2.4
Armour         | 2 |  2.0
Dodging        | |  0.8
Invocations    | |  2.6
Evocations     | |  0.1

Action                   |  1- 3 |  4- 6 || total
-------------------------+-------+-------++-------
Melee: Hand axe          |       |     4 ||     4
       Kick              |       |     1 ||     1
Evoke: Wand              |     2 |     4 ||     6
  Use: Scroll            |     2 |       ||     2
Armor: Leather armour    |     1 |       ||     1
Dodge: Dodged            |     1 |     2 ||     3

Table legend:
 A = Non-vault XP
 B = Vault XP
 C = Vault XP percentage of total XP
 D = Non-vault monster count
 E = Vault monster count
 F = Vault count percentage of total count
                 A         B        C        D         E       F
            +---------+---------+-------+---------+---------+-------
      Total |     244 |       0 |   0.0 |       1 |       0 |   0.0
            +---------+---------+-------+---------+---------+-------
    Abyss:4 |     244 |       0 |   0.0 |       1 |       0 |   0.0
            +---------+---------+-------+---------+---------+-------
